 Dungeon Crawl Stone Soup version 0.25-a0-513-ge77a69270c (webtiles) character file.

Game seed: 1090802812519302767, levelgen mode: deterministic

3776 MrRokkomies the Covert (level 9, -4/65 HPs)
             Began as a Vampire Ice Elementalist on Feb 15, 2020.
             Was a Follower of Vehumet.
             Slain by a hornet zombie (10 damage)
             ... on level 8 of the Dungeon on Feb 16, 2020.
             The game lasted 00:32:21 (6913 turns).

MrRokkomies the Covert (Vampire Ice Elementalist)   Turns: 6913, Time: 00:32:21

Health: -4/65      AC: 11    Str: 11      XL:     9   Next: 95%
Magic:  14/14      EV: 14    Int: 19      God:    Vehumet [*.....]
Gold:   170        SH:  0    Dex: 22 (23) Spells: 0/15 levels left

rFire    x . .     SeeInvis +   a - +2 dagger (venom)
rCold    + + +     Gourm    .   (no shield)
rNeg     . . .     Faith    .   s - +0 ring mail "Uloanam" {rC++ Str+2 Int-2 Dex+8} (curse)
rPois    .         Spirit   .   w - +0 helmet
rElec    .         Reflect  .   L - +0 cloak
rCorr    .         Harm     .   q - +0 pair of gloves
MR       ++...                  i - +2 pair of boots
Stlth    ++++......             (no amulet)
HPRegen  0.40/turn              J - ring of the Mage {Wiz MR++ Int+3}
MPRegen  0.14/turn              z - ring of ice

@: regenerating quickly
A: no food, fangs 3, see invisible, unbreathing
a: Exsanguinate, Renounce Religion


You were on level 8 of the Dungeon.
You worshipped Vehumet.
Vehumet was aware of your devotion.
You were alive.

You visited 2 branches of the dungeon, and saw 9 of its levels.
You also visited: Ossuary.

You collected 378 gold pieces.
You spent 208 gold pieces at shops.

Inventory:

Hand Weapons
 a - a +2 dagger of venom (weapon)
 l - a +1 dagger of protection
 G - a +1 vorpal spear
Missiles
 m - 5 javelins
 n - 3 curare-tipped darts
 p - 6 boomerangs (quivered)
 A - 16 poisoned darts
Armour
 d - a +3 leather armour
 i - a +2 pair of boots (worn)
 q - a +0 pair of gloves (worn)
 s - the cursed +0 ring mail "Uloanam" (worn) {rC++ Str+2 Int-2 Dex+8}
   (You found it on level 5 of the Dungeon)

   It affects your strength (+2).
   It affects your intelligence (-2).
   It affects your dexterity (+8).
   It greatly protects you from cold.
   If you remove this armour, your AC will decrease by 5 (11 -> 6).
   It has a curse placed upon it.
 w - a +0 helmet (worn)
 L - a +0 cloak (worn)
Jewellery
 z - a ring of ice (right hand)
 J - the ring of the Mage (left hand) {Wiz MR++ Int+3}
   (You took it off a big kobold on level 6 of the Dungeon)

   [ring of wizardry]

   It improves your spell success rate.
   It affects your intelligence (+3).
   It affects your resistance to hostile enchantments.
Wands
 e - a wand of polymorph (9)
 r - a wand of flame (3)
 t - a wand of iceblast (3)
 x - a wand of acid (6)
 y - a wand of scattershot (7)
 M - a wand of paralysis (8)
Scrolls
 h - a scroll of blinking
 v - 2 scrolls of identify
 C - 2 scrolls of fear
 F - 2 scrolls of enchant weapon
 H - 2 scrolls of remove curse
 I - 2 scrolls of teleportation
 K - 3 scrolls of immolation
 O - a scroll of magic mapping {unknown}
 P - a scroll of acquirement {unknown}
Potions
 b - 4 potions of curing
 c - 3 potions of brilliance
 f - a potion of magic {unknown}
 g - 3 potions of agility {unknown}
 j - 3 potions of lignification {unknown}
 k - a potion of flight {unknown}
 o - 2 potions of ambrosia {unknown}
 u - 2 potions of heal wounds
 B - 4 potions of might {unknown}
 D - 3 potions of degeneration {unknown}
 E - 3 potions of haste {unknown}
 N - a potion of berserk rage {unknown}


   Skills:
 + Level 4.0 Fighting
 - Level 5.0 Throwing
 - Level 5.0 Dodging
 + Level 9.9 Stealth
 * Level 3.8 Spellcasting
 * Level 9.7 Ice Magic


You couldn't memorise any spells.
You knew the following spells:

 Your Spells              Type           Power        Failure   Level  Hunger
a - Freeze                Ice            ####         1%          1    N/A
b - Frozen Ramparts       Ice            ######       1%          3    N/A
c - Ozocubu's Armour      Chrm/Ice       ####....     6%          3    N/A
d - Summon Ice Beast      Ice/Summ       ####....     19%         4    N/A
e - Hailstorm             Conj/Ice       ####....     19%         4    N/A

Your spell library contained the following spells:

 Spells                   Type           Power        Failure   Level  Hunger
 Shock                    Conj/Air       #...         14%         1    N/A
 Beastly Appendage        Tmut           #.....       14%         1    N/A
 Ice Form                 Ice/Tmut       ####....     19%         4    N/A
 Sticks to Snakes         Tmut           #.......     21%         2    N/A
 Spider Form              Tmut/Pois      #.........   38%         3    N/A
 Blade Hands              Tmut           #.........   97%         5    N/A

Dungeon Overview and Level Annotations

Branches:
Dungeon (8/15)             Temple (1/1) D:7         Ossuary (visited)
   Lair: D:8-11

Altars:
Ashenzari
Cheibriados
Dithmenos
Elyvilon
Fedhas
Gozag
Hepliaklqana
Makhleb
Nemelex Xobeh
Okawaru
Qazlal
Ru
Sif Muna
Trog
Uskayaw
Vehumet
Wu Jian
Xom
Yredelemnul
Zin
The Shining One

Shops:
D:5 ?   D:8 %[(

Annotations:
D:7 1 runed translucent door, Sickboy's ghost, novice MiBe


Innate Abilities, Weirdness & Mutations

You do not eat.
Your natural rate of healing is unusually fast.
You have razor-sharp teeth.
You have supernaturally acute eyesight. (SInv)
You can survive without breathing.


Message History

You hit the hornet zombie.
The hornet zombie is almost destroyed.
The hornet zombie hits you. The hornet zombie barely misses you.
You hit the hornet zombie but do no damage.
The hornet zombie is almost destroyed.
The hornet zombie hits you!
* * * LOW HITPOINT WARNING * * *
You hit the hornet zombie but do no damage.
The hornet zombie is almost destroyed.
The hornet zombie misses you.
You closely miss the hornet zombie. Your bite misses the hornet zombie.
The hornet zombie is almost destroyed.
The hornet zombie hits you!
* * * LOW HITPOINT WARNING * * *
You hit the hornet zombie.
The hornet zombie is almost destroyed.
The hornet zombie hits you.
* * * LOW HITPOINT WARNING * * *
The hornet zombie hits you!
You die...

# #.#..........###..#
#.................#
.......#...[###.....##
######.####.# #.######
.....#.# #\.....#
..#.#.#.# ######.# ...
. .).# #.# ....
#Z########.#
#@.........#
#.########.# #.# ###
#.# #.# ... ... ##../[
..# ≈##5.. ..# ≈≈##Z
...#


You could see a hornet zombie.

Vanquished Creatures
  Prince Ribbit (D:6)
  A hippogriff (D:7)
  Eustachio (D:4)
  Menkaure (D:7)
  2 orc warriors
  3 sky beasts
  2 phantoms
  A centaur (D:6)
  4 elf zombies (Ossuary)
  A crocodile (D:8)
  A big kobold (D:6)
  2 bullfrogs
  A gnoll sergeant (D:8)
  A water moccasin zombie (D:6)
  3 scorpions (D:5)
  3 killer bees (D:7)
  2 howler monkeys
  A crimson imp (D:7)
  6 centaur zombies (Ossuary)
  2 human zombies (Ossuary)
  5 hounds
  A quasit (D:8)
  4 orc priests
  Ijyb (D:3)
  5 orc wizards
  A gnoll shaman (D:2)
  Jessica (D:2)
  2 iguanas
  4 worker ants
  A hound zombie (D:5)
  A hound skeleton (D:6)
  3 mummies (Ossuary)
  7 adders
  15 gnolls
  3 shadow imps
  An ooze (D:1)
  An adder skeleton (D:4)
  A worm (D:4)
  6 dart slugs
  3 leopard geckos
  30 orcs
  6 bats
  5 giant cockroaches
  6 goblins
  12 hobgoblins
  14 jackals
  14 kobolds
  3 quokkas
  A ball python (D:3)
  2 frilled lizards
  A jackal skeleton (D:5)
  A leopard gecko skeleton (D:6)
  2 leopard gecko zombies
  8 rats
210 creatures vanquished.

Vanquished Creatures (others)
  A withered plant (D:7)
1 creature vanquished.

Grand Total: 211 creatures vanquished

Notes
Turn   | Place    | Note
-------+----------+-------------------------------------------
     0 | D:1      | MrRokkomies the Vampire Ice Elementalist began the quest
                  | for the Orb.
     0 | D:1      | Reached XP level 1. HP: 13/13 MP: 3/3
   119 | D:1      | Reached XP level 2. HP: 5/19 MP: 0/5
   346 | D:1      | Reached XP level 3. HP: 20/24 MP: 6/6
   653 | D:2      | Noticed Jessica
   660 | D:1      | Learned a level 3 spell: Frozen Ramparts
   700 | D:2      | Reached skill level 1 in Throwing
   851 | D:2      | Found a faded altar of an unknown god.
   869 | D:2      | Reached XP level 4. HP: 19/30 MP: 3/7
   928 | D:2      | Killed Jessica
  1139 | D:2      | Reached skill level 5 in Ice Magic
  1141 | D:2      | Reached XP level 5. HP: 35/35 MP: 4/8
  1330 | D:2      | Found a burning altar of Makhleb.
  1407 | D:2      | Found a shimmering blue altar of Sif Muna.
  1906 | D:3      | Learned a level 3 spell: Ozocubu's Armour
  2302 | D:3      | Found a blossoming altar of Fedhas.
  2444 | D:3      | Found a sparkling altar of Nemelex Xobeh.
  2767 | D:4      | Noticed an orc warrior
  2795 | D:3      | Killed an orc warrior
  2795 | D:3      | Reached skill level 5 in Stealth
  2795 | D:3      | Reached XP level 6. HP: 19/41 MP: 2/9
  3008 | D:4      | Found a stormy altar of Qazlal.
  3008 | D:4      | Found a shattered altar of Ashenzari.
  3008 | D:4      | Found a hide-covered altar of Uskayaw.
  3009 | D:4      | Noticed Ijyb
  3009 | D:4      | Noticed Eustachio
  3017 | D:3      | Killed Ijyb
  3018 | D:3      | Reached XP level 7. HP: 45/46 MP: 2/10
  3292 | D:4      | Found a glowing silver altar of Zin.
  3339 | D:4      | Killed Eustachio
  3375 | D:4      | Found a hazy altar of Hepliaklqana.
  3376 | D:4      | Found a shimmering altar of Xom.
  3376 | D:4      | Noticed a tyrant leech
  3377 | D:4      | Noticed a tyrant leech
  3377 | D:4      | Noticed a spectral ugly thing
  3605 | D:5      | Entered Level 5 of the Dungeon
  3653 | D:5      | Reached XP level 8. HP: 45/52 MP: 5/11
  3661 | D:5      | Got an ichor-stained ring mail
  3672 | D:5      | Identified the cursed +0 ring mail "Uloanam" {rC++ Str+2
                  | Int-2 Dex+8} (You found it on level 5 of the Dungeon)
  4162 | D:5      | Found Joodgh's Magic Scroll Boutique.
  4191 | D:5      | Reached skill level 5 in Dodging
  4573 | D:6      | Noticed Prince Ribbit
  4733 | D:6      | Reached skill level 1 in Fighting
  4760 | D:6      | Reached skill level 5 in Throwing
  4993 | D:6      | Killed Prince Ribbit
  4993 | D:6      | Reached XP level 9. HP: 57/62 MP: 7/12
  5087 | D:6      | Upgraded the game from 0.25-a0-510-ge065f6de7d to
                  | 0.25-a0-513-ge77a69270c
  5175 | D:7      | Found a staircase to the Ecumenical Temple.
  5186 | Temple   | Entered the Ecumenical Temple
  5442 | Temple   | Became a worshipper of Vehumet
  5701 | D:7      | Found a runed translucent door.
  5701 | D:7      | Noticed Sickboy's ghost (novice MiBe)
  5726 | D:7      | Noticed Menkaure
  5745 | D:7      | Killed Menkaure
  5759 | D:7      | Found a shadowy altar of Dithmenos.
  6006 | D:8      | Found Zit Ciza's Antique Armour Emporium.
  6010 | D:8      | Bought a runed scarf for 208 gold pieces
  6294 | D:8      | Found a sacrificial altar of Ru.
  6337 | D:8      | Found a sand-covered staircase.
  6337 | D:8      | Found Vynweis's Food Boutique.
  6345 | Ossuary  | Entered an ossuary
  6532 | Ossuary  | Reached * piety under Vehumet
  6532 | Ossuary  | Offered knowledge of Shock by Vehumet.
  6550 | Ossuary  | Learned a level 4 spell: Summon Ice Beast
  6555 | Ossuary  | Learned a level 4 spell: Hailstorm
  6864 | D:8      | Found Lymeydd's Weapon Emporium.
  6913 | D:8      | Slain by a hornet zombie

Levels and vault maps discovered:
D:1:      dpeg_arrival_shrine, layout_rooms, minmay_tiny_reverse_x
D:2:      layout_basic, led_sif_pool, bloody_makhleb, first_ration,
          serial_forest, infiniplex_forest_lined_2,
          infiniplex_forest_clump_tiny, infiniplex_forest_corner_1,
          infiniplex_forest_lined_2, infiniplex_forest_straight_1,
          infiniplex_forest_end_2, infiniplex_forest_straight_2,
          infiniplex_forest_lined_corner, chequers_ecumenical_altar_simple,
          wad_orctagon, uniq_jessica
D:3:      layout_basic, nemelex_altar_shiori, fedhas_ov_isle_minmay
D:4:      layout_basic, regret_index_temple_of_mockery, kennysheep_mini_moat,
          chequers_temple_overflow_statue_of_worship, uniq_ijyb, uniq_eustachio
D:5:      layout_cave_pods, serial_shops, shop
D:6:      layout_rooms, uniq_prince_ribbit1
D:7:      layout_rooms, old_standard_altar, minmay_temple_entry_arrows,
          gammafunk_ghost_grave, uniq_menkaure
D:8:      layout_basic, lemuel_coloured_pillars_altar, erik_lair_dragon,
          serial_shops, nicolae_shop_stone, shop, nicolae_shop_trees, shop,
          nicolae_shop_overgrown_old_shop, nicolae_ossuary_entry_ruins,
          kennysheep_opposing_triangles
Temple:   compressed_dpeg_triangle_lava_temple

Skill      XL: |  1  2  3  4  5  6  7  8  9 |
---------------+----------------------------+-----
Throwing       | 1 2 3 4 5 |  5.0
Dodging        | 3 4 5 |  5.0
Stealth        | 4 5 6 8 9 |  9.9
Ice Magic      | 5 6 8 9 |  9.7
Fighting       | 2 4 |  4.0
Spellcasting   | 3 |  3.8

Action                   |  1- 3 |  4- 6 |  7- 9 || total
-------------------------+-------+-------+-------++-------
Melee: Unarmed           |    15 |       |       ||    15
       Dagger            |    75 |   195 |   387 ||   657
       Bite              |     7 |    18 |    61 ||    86
       Spear             |       |    26 |    30 ||    56
Throw: Javelin           |     8 |     8 |     3 ||    19
       Boomerang         |       |    12 |    41 ||    53
       Dart              |       |     3 |     3 ||     6
       Throwing net      |       |       |     1 ||     1
 Cast: Freeze            |    18 |    23 |    23 ||    64
       Frozen Ramparts   |     2 |    11 |    23 ||    36
 Abil: Exsanguinate      |       |       |     1 ||     1
       Revivify          |       |       |     1 ||     1
  Use: Scroll            |       |     6 |     4 ||    10
 Stab: Sleeping          |     5 |     4 |    12 ||    21
       Distracted        |       |     3 |     1 ||     4
Armor: Robe              |    14 |    25 |       ||    39
       Leather armour    |       |    21 |    22 ||    43
       Ring mail         |       |       |   159 ||   159
Dodge: Dodged            |    86 |   150 |   341 ||   577

Table legend:
 A = Non-vault XP
 B = Vault XP
 C = Vault XP percentage of total XP
 D = Non-vault monster count
 E = Vault monster count
 F = Vault count percentage of total count
                 A         B        C        D         E       F
            +---------+---------+-------+---------+---------+-------
      Total |    3712 |    1683 |  31.2 |     182 |      28 |  13.3
            +---------+---------+-------+---------+---------+-------
        D:1 |      63 |       4 |   6.0 |      25 |       2 |   7.4
        D:2 |     207 |      49 |  19.1 |      35 |       5 |  12.5
        D:3 |     239 |      40 |  14.3 |      29 |       1 |   3.3
        D:4 |     395 |     185 |  31.9 |      17 |       1 |   5.6
        D:5 |     688 |       0 |   0.0 |      14 |       0 |   0.0
        D:6 |     938 |     286 |  23.4 |      31 |       1 |   3.1
        D:7 |     840 |     165 |  16.4 |      15 |       1 |   6.2
        D:8 |     342 |     150 |  30.5 |      16 |       2 |  11.1
    Ossuary |       0 |     804 | 100.0 |       0 |      15 | 100.0
            +---------+---------+-------+---------+---------+-------
